Unix NetHack Version 3.7.0-86 Work-in-progress - last build May 30 2023 01:50:43 (cc98dc9aa62a9957b082a042edf5bd7ec9f632c7,branch:master). Game began 2023-06-09 06:11:14, ended 2023-06-09 08:45:12. nmlkj, chaotic male human Wizard -------------- ------------- |............| #########.(..........| |.......>.....# ##### |...........| |............|# #### |...........| ---.----------# # ............| ## # ####0 |...........| ### # |............ # ------------- ## ------.------ |...........| |@a.........| |aa.[+.F..(`. -----------+- Nmlkj the Conjurer St:10 Dx:15 Co:13 In:18 Wi:13 Ch:8 Chaotic S:698 Dlvl:6 $:0 HP:0(30) Pw:12(36) AC:10 Xp:4/107 T:1938 Latest messages: You drop a scroll labeled PRIRUTSENIE. You drop a cyan spellbook. That was all. L - a scroll labeled FNORD. x - a scroll labeled HACKEM MUCHE. y - a scroll labeled MAPIRO MAHAMA DIROMAT. M - a scroll labeled PRIRUTSENIE. C - a scroll labeled VAS CORP BET MANI. What kinds of thing do you want to take off? [[ BPai] a You were wearing a blessed +0 cloak of magic resistance. You finish disrobing. You are not wearing anything. What do you want to read? What do you want to drop? You drop a blessed +0 cloak of magic resistance. What do you want to read? As you read the scroll, it disappears. You have found a scroll of genocide! What type of monster do you want to genocide? giant ant Sent in some giant ants. What do you want to read? You read the scroll. The scroll erupts in a tower of flame! Boom! The giant ant is caught in the tower of flame! The giant ant is caught in the tower of flame! The giant ant is caught in the tower of flame! The giant ant is caught in the tower of flame! The giant ant bites! The giant ant bites! The giant ant bites! The giant ant bites! The giant ant bites! The giant ant bites! The giant ant bites! What do you want to read? As you read the scroll, it disappears. Your hands begin to glow red. Call a scroll labeled MAPIRO MAHAMA DIROMAT: confuse monster The giant ant bites! The giant ant bites! The giant ant bites! The giant ant bites! The giant ant bites! In what direction? u The spell hits the giant ant! You kill the giant ant! The giant ant bites! The giant ant bites! You die... Inventory: M - an uncursed scroll of enchant weapon C - an uncursed scroll of identify Nmlkj the Wizard's attributes: Background: You were a Conjurer, a level 4 male human Wizard. You were chaotic, on a mission for Anhur who was opposed by Ptah (lawful) and Thoth (neutral). You were in the Dungeons of Doom, on level 6. You entered the dungeon 1938 turns ago. You had 107 experience points, 53 more were needed to attain level 5. Your score was 698 before end-of-game adjustments. Basics: You had 0 out of 30 hit points. You had 12 out of 36 energy points (spell power). Your armor class was 10. Your wallet was empty. Autopickup was on for '$' plus thrown. Final Characteristics: Your strength was 10 (limit:18/100). Your dexterity was 15 (limit:18). Your constitution was 13 (limit:18). Your intelligence was 18 (limit:18). Your wisdom was 13 (limit:18). Your charisma was 8 (limit:18). Final Status: You were not hungry. You were unencumbered. You were bare handed. You were unskilled in bare handed combat. You were not wearing any armor. Final Attributes: You were devoutly aligned. You were telepathic. You would have confused monsters when hitting them. You are dead. Miscellaneous: You disabled loading of bones levels. Total elapsed playing time was 26 minutes and 5 seconds. Major events: Turn 1: nmlkj the chaotic male human Wizard entered the dungeon 700: became literate by naming Sting 1477: attained the rank of Conjurer (level 3) 1672: entered the Gnomish Mines 1938: killed by a giant ant Vanquished creatures: a giant ant a little dog 3 floating eyes a dwarf a giant bat 2 acid blobs a hobbit a large kobold 5 gnomes 3 geckos 8 jackals a kobold 3 goblins 4 grid bugs 4 lichens 2 kobold zombies 3 newts 44 creatures vanquished. No species were genocided or became extinct. Voluntary challenges: You read items or engraved 5 times. You never engraved Elbereth. You never genocided any monsters. You never polymorphed an object. You never changed form. You used no wishes. Achievements: You entered a shop. You attained the rank of Conjurer. You entered the Gnomish Mines. The Dungeons of Doom: levels 1 to 6 Level 1: Level 2: An armor shop. Level 3: A fountain. Level 4: A jewelers, some fountains. Stairs down to The Gnomish Mines. Level 5: Level 6: <- You were here. Final resting place for you, killed by a giant ant. The Gnomish Mines: Level 5: Game over: ---------- / \ / REST \ / IN \ / PEACE \ / \ | nmlkj | | 0 Au | | killed by a | | giant ant | | | | | | 2023 | *| * * * | * _________)/\\_//(\/(/\)/\//\/|_)_______ Goodbye nmlkj the Wizard... You died in The Dungeons of Doom on dungeon level 6 with 698 points, and 0 pieces of gold, after 1938 moves. You were level 4 with a maximum of 30 hit points when you died.